Map: Concord LE

Players

tomc - Winner!

  • Race: Protoss Protoss
  • Spawn Location: 3:00

Meng - Winner!

  • Race: Terran Terran
  • Spawn Location: 3:00

RECO - Winner!

  • Race: Terran Terran
  • Spawn Location: 12:00

NagatoYuki - Winner!

  • Race: Protoss Protoss
  • Spawn Location: 1:00

Autechre

  • Race: Terran Terran
  • Spawn Location: 6:00

Alebay

  • Race: Protoss Protoss
  • Spawn Location: 6:00

PiPuxD

  • Race: Protoss Protoss
  • League: Gold
  • Spawn Location: 7:00

MattBarry

  • Race: Zerg Zerg
  • League: Gold
  • Spawn Location: 9:00

VOD

Have the link to the VOD?

Description

Time

  • Played on: Feb. 14, 2023, 3:40 a.m.
  • Length: 23:57
Show
View Real Time Build Order
Export as new Build Order

tomc Protoss - Winner!

Build Orders: Oracle Opening 

Get SALT Encoding   

  12  0:00  Probe  
  13  0:12  Probe  
  14  0:19  Pylon  
  14  0:24  Probe  
  15  0:37  Probe (Chrono Boost)  
  15  0:39  Gateway  
  16  0:48  Assimilator, Probe (Chrono Boost)  
  17  0:53  Probe (Chrono Boost)  
  18  1:03  Probe  
  19  1:15  Probe (Chrono Boost)  
  21  1:26  Probe (Chrono Boost)  
  21  1:32  Cybernetics Core, Probe (Chrono Boost)  
  21  1:38  Pylon  
  22  1:50  Assimilator  
  22  1:55  Nexus  
  22  2:07  Zealot (Chrono Boost)  
  23  2:12  Stargate  
  23  2:18  Probe  
  24  2:30  Probe  
  25  2:44  Probe  
  25  2:45  Forge  
  26  2:55  Oracle (Chrono Boost)  
  26  2:56  Probe  
  26  2:57  Warp Gate  
  30  3:04  Pylon  
  30  3:07  Probe (Chrono Boost)  
  32  3:15  Probe (Chrono Boost)  
  32  3:16  Gateway  
  33  3:20  Probe (Chrono Boost)  
  33  3:23  Oracle (Chrono Boost)  
  36  3:30  Probe (Chrono Boost)  
  37  3:34  Probe  
  37  3:40  Probe  
  39  3:49  Probe  
  39  3:52  Probe  
  41  3:57  Pylon  
  45  4:06  Void Ray (Chrono Boost)  
  45  4:14  Probe x2  
  47  4:23  Shield Battery  
  47  4:25  Pylon  
  47  4:27  Stalker x2  
  51  4:36  Shield Battery  
  51  4:37  Probe x2  
  51  4:38  Photon Cannon  
  51  4:50  Shield Battery  
  55  4:53  Void Ray (Chrono Boost)  
  55  5:11  Shield Battery  
  55  5:25  Probe  
  56  5:35  Void Ray  
  60  5:39  Stalker x2  
  56  6:02  Assimilator  
  56  6:05  Gateway  
  56  6:06  Protoss Ground Weapons Level 1  
  56  6:09  Photon Cannon  
  56  6:10  Probe x2  
  58  6:12  Gateway, Assimilator  
  58  6:14  Gateway  
  58  6:17  Gateway  
  58  6:18  Void Ray  
  62  6:20  Stalker  
  62  6:22  Probe  
  62  6:23  Probe  
  66  6:34  Stalker, Probe  
  66  6:35  Probe  
  70  7:03  Nexus  
  70  7:06  Pylon  
  70  7:10  Pylon  
  70  7:15  Pylon  
  70  7:24  Probe x2  
  72  7:36  Probe  
  72  7:37  Probe  
  75  7:49  Void Ray, Probe x2  
  77  7:52  Shield Battery  
  77  7:54  Photon Cannon  
  77  8:00  Stargate, Assimilator  
  77  8:01  Protoss Air Weapons Level 1, Probe x2  
  77  8:05  Assimilator  
  79  8:13  Probe x2  
  79  8:18  Stalker x6  
  93  8:25  Probe  
  94  8:28  Fleet Beacon  
  94  8:39  Probe x3  
  94  8:41  Protoss Ground Armor Level 1 (Chrono Boost)  
  97  8:49  Twilight Council  
  97  8:51  Probe x2  
  97  8:52  Probe  
  100  9:03  Probe  
  100  9:04  Probe  
  106  9:13  Void Ray  
  106  9:18  Charge (Chrono Boost)  
  106  9:21  Pylon  
  106  9:23  Flux Vanes  
  106  9:24  Pylon x2  
  106  9:28  Pylon  
  106  9:29  Nexus  
  106  9:38  Zealot  
  108  9:45  Templar Archives, Void Ray  
  112  9:46  Gateway  
  112  9:52  Photon Cannon  
  112  9:55  Probe  
  112  9:56  Probe x2  
  115  10:05  Robotics Facility  
  115  10:08  Probe x2  
  117  10:21  Tempest  
  117  10:22  Tempest  
  127  10:28  Zealot x3  
  127  10:29  Zealot  
  135  10:38  Pylon  
  135  10:41  High Templar x3  
  141  10:45  Psionic Storm  
  141  10:52  Gateway  
  141  10:53  Archon  
  141  10:58  Robotics Facility  
  141  11:01  Robotics Bay  
  141  11:04  Tempest, Probe x3  
  144  11:07  Assimilator  
  144  11:09  Assimilator  
  149  11:16  Tempest  
  154  11:19  High Templar  
  154  11:20  Pylon  
  154  11:22  Shield Battery  
  154  11:23  Protoss Ground Weapons Level 2 (Chrono Boost)  
  156  11:35  Immortal  
  161  11:40  Probe x2  
  161  11:45  Pylon  
  161  11:46  Gateway  
  162  11:47  Tempest  
  162  11:53  High Templar  
  169  11:57  Zealot  
  171  12:12  Zealot, Extended Thermal Lance (Chrono Boost)  
  171  12:13  Zealot x3  
  171  12:14  Observer, Photon Cannon  
  180  12:16  Photon Cannon  
  180  12:17  Gateway  
  180  12:39  Pylon  
  180  12:41  Pylon, Blink  
  180  12:44  Pylon  
  180  12:55  Observer  
  158  13:12  Zealot x2  
  151  13:13  Zealot x5  
  151  13:14  Zealot  
  151  13:15  Immortal  
  151  13:16  Immortal  
  171  13:21  Pylon  
  171  13:24  Gateway  
  171  13:27  Gateway, Zealot x2  
  171  13:28  Gateway  
  171  13:32  Gateway, Protoss Ground Armor Level 2 (Chrono Boost)  
  175  13:34  Pylon  
  175  13:44  Zealot x5  
  175  13:45  Zealot x3  
  191  13:54  Warp Prism  
  164  14:05  Zealot  
  164  14:06  Zealot x9  
  164  14:08  Tempest x2  
  169  14:10  Immortal  
  147  14:26  High Templar x7  
  147  14:27  High Templar x5  
  171  14:38  Archon x3  
  171  14:39  Archon x2  
  171  14:40  Archon  
  171  14:51  Tempest  
  176  15:04  Stalker x2  
  176  15:05  Stalker x7  
  176  15:06  Stalker x3  
  178  15:33  Stalker  
  178  15:34  Stalker x7  
  178  15:35  Stalker  
  196  15:36  Zealot x2  
  200  15:47  Gateway  
  150  16:08  Zealot x7  
  150  16:09  Zealot x3  
  150  16:10  Zealot x4  
  146  16:12  Tempest x2  
  136  16:33  Pylon  
  136  16:36  Zealot x6  
  136  16:37  Zealot x4  
  147  16:54  Shield Battery  
  147  16:55  High Templar x3  
  147  16:56  High Templar x5  
  161  17:01  Observer  
  161  17:04  Archon x4  
  161  17:06  Zealot x3  
  164  17:19  Stalker  
  164  17:20  Stalker x3  
  164  17:22  Immortal  
  176  17:30  Nexus  
  176  17:43  Zealot x5  
  176  17:44  Zealot x3  
  192  17:59  Pylon  
  192  18:12  Stalker x4  
  135  19:06  Stalker x6  
  135  19:07  Stalker x2  
  135  19:08  Stalker x3  
  135  19:09  Stalker x3  
  161  19:10  Stalker  
  161  19:11  Tempest  
  161  19:12  Tempest  
  124  19:54  Tempest  
  112  20:03  Stalker x2  
  112  20:04  Stalker  
  112  20:05  Zealot x5  
  112  20:06  Zealot x2  
  104  20:24  High Templar x5  
  104  20:25  High Templar  
  116  20:29  Archon x3  
  116  20:34  High Templar  
  112  21:07  Zealot x3  
  110  21:18  High Templar x3  
  112  21:23  Observer x2  
  116  21:49  Photon Cannon  
  116  22:06  Zealot x2  
  116  22:07  Zealot  
  103  22:34  Observer  
  103  22:36  Nexus  
  101  22:39  High Templar  
  101  22:40  High Templar x6  
  115  22:57  Observer  
  116  23:18  Archon x2  
  116  23:25  Observer  
  116  23:26  Observer  
  117  23:27  Probe x4  
  121  23:40  Assimilator  
  121  23:44  Assimilator  
  121  23:48  Pylon  
Show
View Real Time Build Order
Export as new Build Order

Meng Terran - Winner!

Build Orders:  

Get SALT Encoding   

  12  0:00  SCV  
  13  0:12  SCV  
  14  0:19  Supply Depot  
  14  0:24  SCV  
  15  0:40  SCV  
  15  0:42  Barracks  
  16  0:47  Refinery  
  16  0:53  SCV  
  17  1:05  SCV  
  18  1:17  SCV  
  19  1:29  Marine  
  19  1:30  Orbital Command  
  20  1:43  Barracks  
  20  1:48  Marine  
  21  1:54  Supply Depot  
  21  1:58  SCV  
  22  2:06  Marine  
  23  2:16  Supply Depot, SCV  
  24  2:24  Marine  
  24  2:28  SCV  
  26  2:32  Marine  
  27  2:50  Command Center  
  27  3:00  SCV  
  28  3:06  Refinery  
  28  3:11  Marine  
  28  3:12  Marine  
  30  3:25  SCV  
  31  3:29  Marine  
  31  3:31  Barracks  
  32  3:37  SCV  
  32  3:38  Marine  
  34  3:42  Supply Depot  
  34  3:47  Marine  
  35  3:52  Factory  
  35  3:53  Engineering Bay  
  35  3:56  Marine  
  36  4:12  Marine  
  36  4:13  SCV  
  36  4:16  Barracks Tech Lab  
  38  4:23  Marine  
  39  4:30  Marine  
  40  4:39  Bunker  
  40  4:40  Factory Tech Lab  
  40  4:41  Marine  
  40  4:43  Stimpack  
  40  4:44  Marine  
  42  4:48  Marine  
  42  4:52  Barracks  
  43  4:56  Orbital Command  
  43  4:59  Marine  
  44  5:02  Marine  
  44  5:03  Widow Mine  
  44  5:05  Marine  
  48  5:17  Marine  
  48  5:20  Marine  
  50  5:23  Marine  
  50  5:25  SCV x2  
  53  5:33  Siege Tank  
  53  5:35  Marine  
  57  5:37  SCV  
  57  5:38  Marine  
  57  5:40  Supply Depot  
  57  5:41  Marine  
  60  5:45  Marine  
  61  5:52  Marine  
  61  5:55  Supply Depot  
  62  6:02  Marine x3, SCV x2  
  67  6:06  Supply Depot  
  67  6:10  Marine  
  68  6:14  SCV x2  
  70  6:19  Marine x2  
  72  6:27  Marine  
  72  6:28  Marine, Siege Tank  
  72  6:50  Marine  
  72  6:51  Marine x3  
  76  7:08  Marine  
  76  7:09  Marine x3  
  76  7:12  Siege Tank  
  76  7:15  SCV x2  
  85  7:18  Starport  
  85  7:19  Refinery  
  85  7:20  Refinery  
  85  7:21  Supply Depot  
  85  7:22  Supply Depot  
  86  7:34  Supply Depot  
  86  7:35  Supply Depot  
  86  7:37  Marine  
  86  7:38  Barracks Reactor  
  86  7:42  Marine x2  
  86  7:43  SCV x2  
  90  7:44  Siege Tank  
  91  7:55  Marine, SCV  
  93  8:00  Marine x2  
  93  8:11  Medivac  
  94  8:18  Marine x2  
  97  8:21  Marine x2  
  97  8:25  Terran Infantry Weapons Level 1  
  99  8:27  Engineering Bay  
  99  8:33  Barracks Reactor  
  98  8:36  Marine x2, Siege Tank  
  98  8:39  Marine x2  
  74  8:41  Medivac  
  107  8:49  Combat Shield  
  107  8:53  Marine x2  
  107  8:55  Terran Infantry Armor Level 1  
  109  8:57  Marine x2  
  111  9:11  Marine x2  
  111  9:14  SCV x2  
  115  9:21  Marine x2  
  115  9:23  Marine  
  118  9:29  Supply Depot  
  118  9:32  Supply Depot  
  118  9:34  Supply Depot  
  118  9:38  Sensor Tower  
  118  9:43  Supply Depot  
  118  9:44  Missile Turret  
  118  9:46  Widow Mine, Marine x5  
  125  9:54  Command Center  
  125  9:57  SCV x2  
  127  10:04  Marine x2  
  129  10:09  SCV x2  
  131  10:16  Marine x2, Siege Tank  
  131  10:20  Armory  
  136  10:25  Marine x3  
  139  10:34  Marine  
  140  10:44  Refinery  
  140  10:45  Command Center  
  140  10:47  SCV x2  
  142  10:58  Marine, Medivac x2  
  142  10:59  Marine  
  148  11:12  Marine x2  
  148  11:13  Marine, SCV x2  
  148  11:16  Orbital Command  
  153  11:20  Marine  
  153  11:21  Marine  
  155  11:29  Marine  
  155  11:30  Marine  
  153  11:42  Marine x2  
  153  11:43  Siege Tank  
  153  11:46  SCV x3  
  161  11:49  Refinery  
  161  11:53  Marine x2  
  163  11:55  Marine  
  163  11:58  SCV  
  165  12:10  Marine x2  
  165  12:11  Marine x2  
  172  12:15  Siege Tank  
  134  12:44  Marine  
  134  12:47  Marine x4  
  134  12:48  SCV x2  
  134  12:49  Thor  
  138  13:02  Marine  
  138  13:05  Marine x4  
  106  13:11  Viking, Medivac  
  106  13:12  Orbital Command, SCV x2  
  115  13:15  Orbital Command  
  115  13:16  SCV  
  115  13:19  Marine  
  116  13:20  Terran Infantry Armor Level 2, Terran Infantry Weapons Level 2  
  116  13:22  Marine  
  116  13:23  Marine x2  
  120  13:35  Marine  
  120  13:37  Marine  
  122  13:44  SCV x3  
  122  13:45  SCV  
  126  13:49  Marine  
  127  14:04  Marine x4  
  127  14:06  Marine, Thor  
  138  14:12  Terran Vehicle And Ship Armor Level 1  
  138  14:14  Factory  
  138  14:18  Starport  
  138  14:21  Marine  
  138  14:22  Marine x3  
  142  14:24  Marine  
  143  14:39  Marine  
  143  14:40  Marine x3, SCV x2  
  143  14:41  SCV x2  
  151  14:49  Siege Tank  
  155  14:52  SCV  
  155  14:53  SCV  
  155  14:57  Marine  
  155  14:58  Marine x2  
  155  14:59  Marine x2  
  161  15:01  Factory Tech Lab  
  161  15:02  Viking x2, Medivac  
  167  15:21  Siege Tank  
  167  15:22  Marine x3  
  167  15:23  Marine x2  
  175  15:32  Medivac  
  164  15:39  Siege Tank  
  164  15:40  Marine x5  
  164  15:41  Viking x2  
  175  15:53  Thor  
  168  15:57  Marine  
  168  15:58  Marine x4  
  168  16:02  Medivac  
  161  16:14  Barracks  
  161  16:15  Marine  
  161  16:16  Barracks, Marine x3  
  161  16:18  Barracks  
  161  16:21  Barracks Reactor  
  150  16:26  Refinery  
  150  16:31  Command Center  
  141  16:33  Marine  
  141  16:34  Marine x3  
  141  16:35  Missile Turret  
  145  16:46  Thor, Siege Tank  
  153  16:51  Marine x2  
  153  16:52  Marine  
  154  17:09  Marine x3  
  154  17:13  Marine  
  154  17:14  Marine x2  
  160  17:18  Marine  
  160  17:19  Marine x2  
  163  17:24  Barracks  
  163  17:26  Marine  
  163  17:27  Barracks, Marine x2  
  163  17:29  Viking x2  
  170  17:30  Medivac  
  170  17:31  Marine  
  170  17:32  Marine x2  
  170  17:34  SCV x2  
  170  17:36  Marine  
  178  17:37  Marine x2  
  180  17:44  Marine  
  180  17:45  Marine x2  
  180  17:49  Marine x3  
  186  17:54  Marine  
  186  17:55  Marine x2  
  189  17:59  Medivac  
  189  18:02  Marine  
  189  18:03  Marine x2  
  194  18:07  Marine x3  
  194  18:09  Siege Tank  
  194  18:10  Missile Turret, Siege Tank  
  194  18:12  Missile Turret, Marine x3  
  195  18:20  Marine  
  195  18:21  Marine x2  
  195  18:24  Marine  
  195  18:25  Marine x2  
  186  18:27  Viking  
  186  18:30  Marine x3  
  174  18:38  Marine x3  
  144  18:42  Siege Tank x2  
  109  18:52  Marine  
  109  18:53  Viking x2  
  109  18:54  Marine  
  109  18:55  Marine x4  
  116  18:56  Marine x3  
  116  18:57  Viking  
  116  19:00  Orbital Command  
  116  19:02  Refinery  
  121  19:03  Refinery  
  121  19:05  Missile Turret  
  121  19:06  Missile Turret  
  121  19:07  Missile Turret  
  121  19:10  Marine  
  121  19:12  Marine  
  121  19:13  Marine x2, Thor  
  121  19:14  Terran Vehicle And Ship Armor Level 2  
  121  19:16  Marine  
  121  19:17  Marine x4  
  132  19:23  Viking x2  
  140  19:27  Viking  
  141  19:47  Command Center  
  141  19:51  Orbital Command  
  141  19:52  Missile Turret, Marine x8  
  142  19:53  Marine, Viking x2  
  142  19:54  Thor  
  142  19:57  Viking  
  161  20:07  SCV  
  161  20:08  SCV x3  
  161  20:09  Marine  
  161  20:10  Marine x2  
  168  20:20  SCV  
  169  20:23  Viking x2  
  169  20:24  Marine  
  169  20:27  Viking  
  170  20:49  Refinery  
  170  20:53  Viking  
  172  21:01  Marine  
  172  21:02  Marine x6  
  172  21:03  Thor, Siege Tank  
  188  21:04  Marine x2  
  188  21:05  Viking  
  188  21:06  Medivac  
  191  21:20  Marine  
  187  21:34  Marine  
  187  21:35  Marine x7  
  187  21:38  Marine  
  196  21:52  Marine  
  196  21:53  Marine x3  
  162  22:31  Marine  
  162  22:35  Marine x8  
  146  22:39  Siege Tank x2  
  146  22:40  Viking x2  
  137  22:46  Marine  
  137  22:47  SCV x2  
  137  22:49  Marine  
  139  22:51  Refinery  
  139  22:53  Marine x8  
  139  22:55  Barracks  
  139  22:56  Barracks  
  139  22:57  Marine  
  148  22:59  Barracks  
  148  23:00  Barracks  
  146  23:06  Starport Reactor  
  146  23:07  Marine x2  
  146  23:10  Viking, Marine, Medivac  
  146  23:11  Marine x7, Siege Tank  
  163  23:14  Marine  
  164  23:24  Marine  
  164  23:25  Marine  
  166  23:28  Marine  
  166  23:29  Marine x7  
  166  23:32  Marine  
  178  23:36  SCV x2, Refinery  
Show
View Real Time Build Order
Export as new Build Order

RECO Terran - Winner!

Build Orders:  

Get SALT Encoding   

  12  0:01  SCV  
  13  0:13  SCV  
  14  0:20  Supply Depot  
  14  0:27  SCV  
  15  0:42  SCV  
  16  0:45  Supply Depot  
  16  1:02  SCV  
  17  1:15  SCV  
  17  1:18  Barracks  
  18  1:30  Barracks  
  18  1:31  SCV  
  19  1:42  Refinery  
  19  1:44  Barracks, SCV  
  20  1:56  SCV  
  21  2:06  Supply Depot  
  21  2:08  SCV  
  21  2:10  Marine  
  23  2:20  Marine  
  24  2:23  Barracks  
  24  2:34  SCV  
  24  2:35  Supply Depot  
  25  2:38  Marine  
  25  2:42  Marine  
  27  2:45  Barracks  
  27  2:46  SCV  
  27  2:50  Engineering Bay  
  28  2:58  Marine  
  29  2:59  Marine  
  30  3:09  Orbital Command  
  30  3:12  Marine  
  30  3:15  Marine  
  30  3:19  Marine  
  33  3:30  Marine  
  33  3:33  Marine  
  35  3:37  Marine  
  36  3:42  Marine, Refinery  
  36  3:48  Marine  
  37  3:51  Marine  
  37  3:55  Marine  
  39  3:57  Supply Depot  
  39  4:00  Marine  
  40  4:06  Marine  
  40  4:09  Marine  
  42  4:13  Marine  
  43  4:18  Marine  
  43  4:24  Marine  
  45  4:27  Marine  
  45  4:31  Marine  
  47  4:36  Marine  
  46  4:41  Marine  
  46  4:45  Marine  
  43  4:49  Marine  
  43  4:54  Marine  
  43  4:59  Marine  
  45  5:02  Marine  
  45  5:06  Marine  
  47  5:11  Marine  
  45  5:17  Marine  
  45  5:20  Marine  
  43  5:23  SCV  
  43  5:24  Marine  
  45  5:29  Marine  
  45  5:35  Marine, SCV  
  48  5:38  Marine  
  48  5:42  Marine  
  50  5:47  SCV  
  39  6:26  Command Center  
  39  6:28  SCV  
  40  6:40  SCV  
  41  6:52  SCV  
  42  7:04  SCV  
  42  7:07  Factory  
  43  7:16  Missile Turret  
  43  7:17  SCV  
  44  7:29  SCV  
  45  7:38  SCV  
  45  7:41  SCV  
  47  7:44  Supply Depot  
  47  7:48  Supply Depot  
  47  7:49  Supply Depot  
  47  7:53  SCV  
  47  8:02  Command Center  
  47  8:05  SCV  
  48  8:15  Orbital Command  
  48  8:17  SCV  
  49  8:27  Barracks Tech Lab  
  49  8:31  Terran Infantry Weapons Level 1  
  49  8:33  Armory  
  49  8:35  Engineering Bay, Factory Tech Lab  
  49  8:37  Starport  
  49  8:46  Refinery x2  
  49  8:47  Command Center  
  49  8:53  Barracks Tech Lab x2, Barracks Reactor x2  
  49  9:24  Marine x2  
  49  9:26  Stimpack  
  49  9:30  Combat Shield  
  51  9:35  Concussive Shells  
  51  9:36  Orbital Command  
  51  9:39  SCV x2  
  53  9:49  Terran Infantry Armor Level 1  
  53  9:51  SCV x2  
  55  9:53  Supply Depot x2  
  55  9:56  Supply Depot  
  55  9:59  Sensor Tower  
  55  10:03  SCV  
  55  10:04  SCV  
  57  10:08  Orbital Command  
  57  10:10  Command Center  
  57  10:12  SCV  
  58  10:15  SCV  
  58  10:16  SCV  
  60  10:24  SCV  
  60  10:28  SCV x2  
  54  10:36  SCV, Marauder x3  
  54  10:38  Marine  
  54  10:39  Marine x2  
  54  10:40  SCV x2  
  63  10:46  Terran Infantry Weapons Level 2  
  63  10:50  Starport Reactor  
  63  10:57  Marauder x3  
  69  11:14  Marine x2  
  69  11:15  Marine x2  
  73  11:19  Marauder x3  
  73  11:22  Missile Turret  
  73  11:23  Planetary Fortress  
  79  11:32  Supply Depot, Marine x3, Medivac  
  79  11:33  Supply Depot, Marine, Medivac  
  79  11:34  Refinery  
  79  11:38  Refinery  
  87  11:40  Marauder x2  
  87  11:43  Supply Depot, Hi-Sec Auto Tracking  
  91  11:47  Supply Depot  
  91  11:51  Supply Depot  
  91  11:58  Missile Turret  
  91  11:59  Marine x5  
  91  12:01  Marine x2  
  96  12:02  Medivac x2  
  102  12:10  Barracks  
  102  12:11  Barracks  
  102  12:14  Supply Depot, Barracks  
  102  12:18  Marine x2, Marauder  
  102  12:19  Marine x2, Marauder x2  
  112  12:36  Marine x4  
  116  12:39  Marauder  
  116  12:41  Marauder x2  
  122  12:49  Medivac x2  
  126  12:54  Marine x4  
  130  13:00  Marine  
  130  13:01  Marine x2  
  130  13:02  Neosteel Armor  
  133  13:11  Marine  
  133  13:12  Marine x3  
  128  13:18  Marine  
  128  13:19  Marine x2, Medivac x2  
  134  13:26  Command Center  
  134  13:29  Marine x2  
  134  13:30  Marine x2, Barracks Reactor x2  
  138  13:36  Marine  
  138  13:37  Marine x2  
  141  13:47  Marine x2  
  141  13:48  Marine x2, Medivac, Terran Infantry Weapons Level 3  
  143  13:49  Medivac  
  143  13:52  Barracks  
  143  13:53  Barracks, Marine  
  143  13:55  Marine  
  151  14:06  Marauder  
  151  14:07  Marine x6  
  151  14:08  Marine x2  
  161  14:12  Barracks x2, Marauder  
  161  14:13  Marauder  
  165  14:24  Marine  
  165  14:25  Marine x6  
  165  14:28  Marauder  
  174  14:33  Marauder  
  174  14:35  Marauder  
  174  14:36  Marine  
  179  14:39  Medivac x2  
  179  14:42  Terran Infantry Armor Level 2, Marine x2  
  179  14:43  Marine x4  
  189  14:49  Marauder  
  191  14:55  Marauder  
  191  14:56  Marauder  
  195  15:11  Marauder  
  197  15:16  Marauder  
  177  15:40  Marine x4, Marauder  
  177  15:41  Marine x3, Marauder x2  
  177  16:06  Marine x3  
  177  16:07  Marine x8  
  142  16:24  Marine x11  
  151  16:41  Marine  
  151  16:42  Marine x5  
  157  16:49  Marine  
  157  16:50  Marine x4  
  162  16:59  Marine  
  162  17:00  Marine x5  
  168  17:07  Marine  
  168  17:08  Marine x4  
  173  17:15  Orbital Command, SCV  
  173  17:16  SCV x3  
  173  17:17  Marine  
  173  17:18  Marine x5  
  183  17:25  Marine x4  
  183  17:26  Marine  
  183  17:28  SCV x2  
  190  17:35  Marine x3  
  190  17:36  Marine x3  
  196  17:43  Marine  
  197  18:13  Barracks Reactor  
  197  18:14  Barracks Reactor  
  197  18:17  Barracks Reactor x2  
  197  18:25  Refinery  
  197  18:26  Refinery  
  197  18:38  Marine  
  197  18:39  Marine x2  
  176  19:16  Marine  
  173  19:17  Marine x17  
  173  19:18  Marine  
  191  19:34  Marine, Command Center  
  190  20:00  Marine x2, Terran Infantry Armor Level 3  
  190  20:01  Marine x8  
  178  20:28  Marine x3  
  130  20:29  Marine x16  
  141  20:46  Marine x7  
  141  20:47  Marine x12  
  160  21:04  Marine x15  
  160  21:05  Marine x4  
  179  21:21  Marine  
  179  21:22  Marine x11  
  191  22:02  Marine x2  
  191  22:03  Marine x7  
  187  23:03  Marine  
  187  23:04  Marine x7  
Show
View Real Time Build Order
Export as new Build Order

NagatoYuki Protoss - Winner!

Build Orders: 1 Gate Expand 

Get SALT Encoding   

  12  0:03  Probe  
  13  0:15  Probe  
  14  0:22  Pylon  
  14  0:28  Probe  
  15  0:41  Probe  
  16  0:43  Gateway  
  16  0:53  Assimilator, Probe  
  17  1:05  Probe  
  18  1:17  Probe  
  19  1:35  Cybernetics Core  
  19  1:42  Nexus  
  19  1:44  Probe  
  20  1:52  Pylon, Assimilator  
  20  2:07  Warp Gate, Probe  
  21  2:13  Stalker (Chrono Boost)  
  23  2:30  Probe  
  24  2:58  Probe (Chrono Boost)  
  24  3:02  Probe (Chrono Boost)  
  24  3:05  Robotics Facility  
  25  3:08  Probe (Chrono Boost)  
  25  3:12  Probe (Chrono Boost)  
  27  3:13  Probe (Chrono Boost)  
  27  3:16  Gateway  
  27  3:17  Gateway  
  28  3:23  Probe  
  28  3:24  Twilight Council  
  28  3:25  Probe  
  30  3:35  Probe  
  30  3:37  Probe  
  32  3:47  Probe  
  33  3:49  Probe  
  33  3:51  Immortal (Chrono Boost)  
  38  3:59  Probe  
  38  4:01  Stalker, Probe  
  42  4:04  Resonating Glaives  
  42  4:11  Probe  
  42  4:16  Adept  
  45  4:19  Pylon, Probe  
  45  4:20  Assimilator  
  46  4:26  Assimilator  
  46  4:37  Observer (Chrono Boost), Probe x2  
  49  4:49  Probe x2  
  49  4:51  Sentry  
  53  5:01  Probe  
  53  5:02  Pylon  
  53  5:06  Pylon  
  54  5:08  Pylon  
  54  5:19  Warp Prism  
  54  5:20  Probe x2  
  58  5:31  Stargate  
  58  5:43  Forge x2  
  58  5:47  Charge (Chrono Boost)  
  58  5:49  Gateway  
  58  5:51  Pylon  
  58  5:54  Adept x3  
  58  5:56  Immortal  
  68  6:30  Adept x3  
  70  7:19  Pylon  
  70  7:23  Cybernetics Core  
  70  7:24  Protoss Air Weapons Level 1 (Chrono Boost)  
  70  7:30  Robotics Bay  
  70  7:34  Fleet Beacon  
  60  7:59  Stargate  
  60  8:00  Stargate  
  60  8:08  Stargate  
  60  8:19  Tempest (Chrono Boost)  
  60  8:24  Protoss Air Armor Level 1 (Chrono Boost)  
  65  8:39  Tempest (Chrono Boost)  
  70  8:52  Tempest (Chrono Boost)  
  80  9:04  Tempest (Chrono Boost)  
  80  9:09  Pylon  
  80  9:10  Pylon  
  80  9:13  Pylon  
  80  9:15  Pylon  
  80  9:16  Tempest (Chrono Boost)  
  85  9:27  Tempest (Chrono Boost)  
  85  9:29  Protoss Air Weapons Level 2 (Chrono Boost)  
  90  9:43  Tempest (Chrono Boost)  
  95  9:48  Tempest  
  100  10:00  Tempest  
  100  10:04  Pylon  
  100  10:06  Pylon  
  105  10:08  Pylon  
  105  10:23  Tempest, Nexus  
  105  10:25  Pylon  
  105  10:27  Pylon  
  110  10:31  Assimilator, Tempest  
  110  10:35  Assimilator  
  115  10:43  Tempest  
  120  10:52  Protoss Shields Level 1  
  120  10:53  Unknown  
  120  10:56  Protoss Air Armor Level 2 (Chrono Boost)  
  120  11:18  Tempest  
  125  12:05  Probe x3  
  125  12:07  Tempest x3  
  143  12:17  Probe x3  
  146  12:29  Probe x3  
  149  12:41  Probe x3  
  152  12:50  Tempest  
  157  12:53  Probe  
  148  13:03  Tempest x2  
  148  13:33  Tempest  
  153  13:46  Tempest x2  
  163  14:15  Tempest  
  168  14:29  Tempest x2  
  178  15:11  Pylon  
  178  15:13  Pylon  
  178  15:14  Pylon  
  178  15:15  Pylon  
  178  15:16  Tempest  
  178  15:17  Tempest  
  178  15:20  Tempest  
  153  15:59  Tempest  
  153  16:00  Tempest  
  153  16:03  Tempest  
  163  16:41  Tempest  
  163  16:43  Tempest  
  163  16:45  Tempest  
  158  17:24  Tempest  
  158  17:26  Tempest  
  158  17:28  Tempest  
  173  18:07  Tempest  
  173  18:08  Tempest  
  173  18:11  Tempest  
  188  19:11  Tempest x2  
  163  21:50  Tempest x3  
  178  22:33  Tempest x3  
Show
View Real Time Build Order
Export as new Build Order

Autechre Terran 

Build Orders:  

Get SALT Encoding   

  12  0:00  SCV  
  13  0:15  Supply Depot  
  13  0:18  SCV  
  14  0:30  SCV  
  14  0:34  Refinery  
  15  0:41  Barracks  
  15  0:46  SCV  
  16  0:58  SCV  
  17  1:10  SCV  
  18  1:22  SCV  
  19  1:30  Reaper  
  20  1:45  SCV  
  21  1:59  Command Center  
  21  2:02  Factory  
  21  2:17  Marine  
  21  2:21  Orbital Command  
  22  2:29  Barracks  
  22  2:51  Starport  
  22  2:52  Supply Depot  
  22  3:09  Reaper  
  22  3:10  Factory Tech Lab  
  22  3:28  Barracks Tech Lab  
  22  3:29  Bunker  
  22  3:40  Supply Depot  
  21  3:42  Refinery  
  21  3:43  Supply Depot  
  21  3:46  Widow Mine  
  22  3:51  Orbital Command, Engineering Bay  
  22  4:02  Barracks Reactor  
  22  4:10  Starport Reactor  
  22  4:17  Engineering Bay  
  22  4:18  Missile Turret  
  22  4:25  Missile Turret  
  22  4:29  SCV  
  22  4:31  SCV  
  24  4:45  Siege Tank  
  27  4:47  Marine x2  
  27  4:49  Marine  
  30  4:53  SCV  
  30  4:54  SCV  
  32  5:01  Liberator  
  32  5:04  Marine  
  32  5:05  SCV  
  37  5:09  Stimpack  
  37  5:15  Barracks  
  37  5:19  Marine x2  
  39  5:22  Marine  
  40  5:34  Terran Infantry Weapons Level 1  
  40  5:37  Marine  
  39  5:55  Marine  
  40  6:07  Barracks  
  40  6:09  Factory  
  40  6:12  Marine  
  40  6:13  Barracks Reactor  
  40  6:14  Barracks, Medivac  
  40  6:15  SCV  
  40  6:17  SCV  
  45  6:30  Marine  
  45  6:31  Terran Infantry Armor Level 1  
  46  6:33  SCV  
  46  6:34  SCV  
  48  6:48  Marine, Command Center  
  48  6:52  SCV  
  48  6:53  SCV  
  51  7:01  Armory  
  51  7:04  SCV  
  51  7:05  Refinery  
  52  7:09  SCV  
  52  7:11  Refinery  
  52  7:12  Combat Shield  
  53  7:17  Barracks Tech Lab  
  53  7:22  Barracks Reactor  
  53  7:34  Marine x3  
  56  7:37  Barracks  
  56  7:38  Medivac  
  56  7:40  Supply Depot  
  58  7:45  SCV x2  
  60  7:54  Supply Depot  
  60  7:57  SCV x2  
  62  8:00  Supply Depot  
  62  8:06  Terran Infantry Weapons Level 2  
  62  8:10  SCV x2  
  64  8:14  SCV  
  64  8:15  Drilling Claws  
  65  8:20  Terran Vehicle And Ship Armor Level 1  
  65  8:24  SCV  
  65  8:25  SCV  
  68  8:29  Orbital Command  
  68  8:31  Marine  
  68  8:32  Marine  
  69  8:36  SCV  
  69  8:39  Missile Turret  
  70  8:46  SCV  
  70  8:48  Viking, SCV  
  73  8:54  Starport  
  74  8:59  SCV  
  74  9:01  Starport  
  75  9:06  Factory  
  75  9:11  Armory, SCV x2  
  75  9:15  Marine, SCV  
  79  9:23  Factory Tech Lab  
  79  9:31  Factory  
  79  9:32  Terran Infantry Armor Level 2  
  79  9:35  Starport Reactor  
  79  9:38  Starport Tech Lab  
  79  9:39  SCV x3  
  79  9:44  Refinery  
  82  9:45  Refinery  
  82  9:51  Factory Reactor, SCV x2  
  82  9:52  SCV  
  85  10:01  Supply Depot  
  85  10:03  SCV x2  
  85  10:04  SCV  
  88  10:11  Command Center  
  88  10:15  SCV  
  88  10:16  SCV x2  
  88  10:20  Command Center  
  91  10:27  SCV  
  91  10:28  SCV x2  
  94  10:30  Terran Vehicle Weapons Level 1, Factory  
  94  10:33  Terran Vehicle And Ship Armor Level 2  
  94  10:39  Terran Infantry Weapons Level 3  
  94  10:40  SCV  
  95  10:50  SCV x2  
  97  11:24  Command Center  
  97  11:27  Missile Turret  
  97  11:29  Sensor Tower  
  97  11:32  SCV x3  
  102  11:38  Factory Tech Lab  
  102  11:42  Orbital Command  
  102  11:43  Sensor Tower  
  102  11:44  Orbital Command  
  100  11:48  Missile Turret  
  100  11:56  Supply Depot  
  100  12:00  SCV  
  100  12:01  Supply Depot, SCV x2  
  103  12:06  Factory Tech Lab  
  103  12:09  Missile Turret  
  103  12:10  SCV  
  103  12:11  Thor  
  103  12:12  SCV  
  103  12:13  SCV  
  112  12:15  Sensor Tower  
  112  12:19  Missile Turret  
  112  12:20  Thor  
  112  12:22  Supply Depot  
  118  12:24  Missile Turret  
  118  12:26  Refinery  
  118  12:28  Sensor Tower  
  118  12:38  Orbital Command  
  118  12:40  SCV x4  
  118  12:41  SCV  
  118  12:42  Thor x2  
  134  12:45  Marine  
  134  12:46  Marine x5  
  140  12:52  Viking, SCV  
  140  12:54  Viking  
  145  13:00  Viking x2, Refinery  
  145  13:01  Viking  
  145  13:03  Marine  
  145  13:04  Marine x5  
  156  13:15  Thor x2  
  166  13:21  Marine  
  166  13:22  Marine x3, Viking, Marauder  
  166  13:23  Marauder  
  166  13:24  Viking, Concussive Shells  
  175  13:28  Terran Infantry Armor Level 3  
  175  13:29  Hi-Sec Auto Tracking  
  175  13:31  Terran Vehicle And Ship Armor Level 3  
  175  13:44  Ghost Academy, Marauder  
  175  13:46  Ghost Academy  
  175  13:47  Ghost Academy  
  177  13:49  Barracks  
  177  13:52  Supply Depot  
  177  13:53  Supply Depot  
  177  13:54  Barracks  
  177  13:56  Supply Depot  
  177  13:58  Terran Ship Weapons Level 1  
  177  14:03  Marine  
  178  14:10  Barracks, Marine  
  178  14:11  Marine  
  178  14:12  Marine  
  178  14:14  Barracks, Marauder x2  
  180  14:17  Supply Depot  
  180  14:21  Supply Depot  
  180  14:22  Supply Depot  
  180  14:23  Supply Depot  
  177  14:26  Neosteel Armor  
  177  14:32  Personal Cloaking  
  177  14:34  Nuke x2  
  177  14:38  Barracks Tech Lab  
  177  14:41  Barracks Tech Lab  
  177  14:45  Ghost x2  
  181  15:00  Barracks Tech Lab  
  181  15:14  Ghost x2  
  181  15:18  Thor x2  
  181  15:21  Marine x2  
  192  15:22  Marine x2, Command Center  
  192  15:24  Marine  
  192  15:26  Missile Turret  
  170  15:29  Marine  
  170  15:35  Marine  
  168  15:36  Marine  
  168  15:38  Marine  
  168  15:39  Marine  
  168  15:40  Marine x2  
  168  15:41  Medivac  
  168  15:42  Marine, Ghost, Medivac  
  179  15:43  Marine  
  179  15:46  Marine  
  179  15:47  Missile Turret  
  183  15:51  Terran Vehicle Weapons Level 2  
  183  15:53  Marine x2  
  183  15:56  Marine  
  181  15:57  Marine  
  181  15:58  Marine x2  
  181  15:59  Marine  
  181  16:00  Marine  
  158  16:04  Marine  
  158  16:08  Missile Turret  
  158  16:11  Marine x3  
  136  16:14  Marine  
  136  16:15  Marine x2  
  136  16:16  Marine  
  136  16:17  Marine  
  132  16:18  Marine  
  132  16:22  Marine  
  133  16:29  Missile Turret, Marine x3  
  133  16:32  Marine x2  
  136  16:33  Marine x2  
  136  16:35  Marine  
  136  16:36  Missile Turret, Marine  
  136  16:39  Orbital Command  
  141  16:40  Marine  
  141  16:41  SCV x3  
  141  16:42  SCV  
  141  16:46  Marine  
  141  16:47  Marine x2  
  129  16:50  Marine x2  
  129  16:51  Widow Mine, Marine x2  
  129  16:52  Widow Mine, Missile Turret  
  129  16:53  Marine  
  129  16:54  Viking, Ghost  
  120  16:58  Missile Turret, Marine  
  124  17:04  Marine x2  
  124  17:05  Marauder  
  124  17:07  Marine  
  129  17:08  Marine  
  129  17:09  Marine x2  
  129  17:10  Thor  
  129  17:11  Thor  
  129  17:15  Ghost  
  143  17:17  Missile Turret, Siege Tank x2  
  143  17:20  Viking  
  143  17:22  Marine x2, Ghost  
  155  17:24  Barracks Reactor  
  155  17:25  Marine  
  155  17:26  Marine x2  
  155  17:27  Marine x2  
  155  17:28  Viking  
  155  17:29  Viking  
  165  17:33  Refinery  
  165  17:34  Refinery  
  165  17:36  SCV x4  
  165  17:37  SCV x3  
  170  17:40  Marine x2  
  170  17:43  Marine  
  170  17:44  Marine x3, Ghost  
  175  17:45  Marine  
  175  17:48  SCV, Medivac x2  
  175  17:49  Siege Tank x2  
  175  17:50  Ghost, Medivac  
  196  17:58  Marine, Ghost  
  198  18:01  Ghost  
  198  18:04  Marine  
  198  18:05  Marine x5  
  196  18:12  Ghost  
  161  18:16  Marine  
  161  18:18  Liberator  
  161  18:19  Marine  
  144  18:22  Marine x3  
  144  18:23  Marine x3  
  144  18:26  Marine  
  141  18:30  Marine  
  141  18:34  Marine  
  140  18:35  Orbital Command  
  140  18:37  Marine  
  140  18:40  Marine x6  
  135  18:41  Marine  
  135  18:44  Marine  
  135  18:48  Marine  
  137  18:51  Marine, Thor  
  137  18:55  Marine  
  146  18:58  Marine x6  
  146  18:59  Marine  
  146  19:02  Marine  
  154  19:04  Thor  
  154  19:06  Marine  
  154  19:08  Siege Tank  
  154  19:09  Marine  
  165  19:11  Medivac  
  165  19:12  Marine  
  165  19:13  SCV x3  
  165  19:15  Marine  
  165  19:16  Marine x5, Ghost  
  177  19:20  Ghost  
  177  19:23  Nuke x3  
  177  19:24  Marine  
  181  19:27  Marine  
  181  19:30  Marine  
  167  19:46  Marine x2  
  158  19:54  Marine  
  158  19:57  Marine  
  145  20:05  Marine x9  
  141  20:11  Orbital Command  
  141  20:12  Marine  
  139  20:14  Marine  
  139  20:15  SCV  
  139  20:16  SCV x2  
  143  20:23  Marine x9  
  152  20:30  Marine  
  152  20:32  Marine  
  154  20:37  SCV  
  154  20:40  Marine  
  154  20:41  Marine x8  
  164  20:47  Siege Tank  
  164  20:48  Marine, Siege Tank  
  171  20:50  Marine  
  172  20:58  Marine  
  172  20:59  Marine x8  
  180  21:10  Missile Turret x2, Bunker  
  178  21:14  Bunker x2  
  178  21:16  Missile Turret, Ghost x2  
  182  21:19  Missile Turret  
  182  21:21  Marine x9  
  185  21:37  Nuke  
  185  21:38  Marine  
  185  21:39  Marine x8  
  191  21:43  Siege Tank  
  191  21:45  Marine x2  
  188  21:56  Marine  
  188  21:57  Marine x7  
  188  21:58  Widow Mine  
  188  21:59  Widow Mine x2  
  197  22:03  Ghost x2  
  199  22:14  Marine, Ghost  
  199  22:15  Marine x6  
  190  22:28  Thor  
  184  22:31  Marine x2  
  184  22:32  Marine x5  
  184  22:33  Marine x2  
  165  22:43  Marine  
  158  22:49  Marine x2  
  158  22:50  Marine x7  
  165  22:53  Bunker  
  165  22:54  Missile Turret, Bunker  
  165  22:55  Refinery  
  165  22:57  Missile Turret  
  162  23:01  Missile Turret, Marine  
  162  23:04  Widow Mine, Bunker  
  158  23:07  Marine x2  
  158  23:08  Marine x6  
  160  23:19  Marine  
  160  23:25  Marine  
Show
View Real Time Build Order
Export as new Build Order

Alebay Protoss 

Build Orders: 1 Gate Expand 

Get SALT Encoding   

  12  0:00  Probe  
  13  0:12  Probe  
  14  0:19  Pylon  
  14  0:24  Probe  
  15  0:37  Gateway  
  15  0:39  Probe  
  16  0:48  Assimilator  
  16  0:51  Probe  
  17  1:03  Probe  
  18  1:15  Probe  
  19  1:27  Probe  
  19  1:31  Nexus  
  20  1:40  Cybernetics Core, Probe  
  20  1:47  Assimilator  
  21  1:52  Probe  
  22  2:03  Pylon  
  22  2:04  Probe  
  23  2:14  Warp Gate (Chrono Boost)  
  23  2:19  Adept (Chrono Boost)  
  23  2:21  Probe  
  26  2:33  Probe  
  27  2:42  Gateway  
  27  2:44  Probe  
  27  2:45  Adept, Probe  
  31  2:54  Pylon  
  31  2:57  Forge  
  32  2:58  Probe  
  32  3:02  Probe  
  33  3:11  Probe  
  34  3:14  Probe  
  34  3:19  Gateway  
  35  3:23  Probe  
  35  3:26  Probe  
  37  3:28  Stalker  
  39  3:35  Probe  
  39  3:38  Probe  
  41  3:42  Photon Cannon  
  41  3:47  Probe  
  42  3:49  Assimilator  
  42  3:50  Probe  
  42  3:53  Protoss Ground Armor Level 1 (Chrono Boost)  
  43  3:57  Gateway  
  43  3:59  Probe  
  43  4:02  Probe  
  45  4:07  Pylon  
  45  4:13  Probe  
  45  4:14  Probe  
  47  4:25  Probe  
  47  4:26  Stalker x3, Probe  
  49  4:57  Pylon, Stalker x4  
  49  4:58  Shield Battery  
  57  5:00  Probe x2  
  57  5:03  Assimilator  
  59  5:22  Stalker x4  
  65  5:34  Shield Battery  
  65  5:42  Probe x2  
  67  5:45  Protoss Ground Weapons Level 1 (Chrono Boost)  
  67  5:49  Photon Cannon  
  65  6:07  Pylon  
  65  6:08  Stalker  
  65  6:09  Stalker  
  69  6:17  Pylon  
  69  6:18  Pylon  
  69  6:19  Pylon  
  69  6:20  Pylon  
  69  6:21  Probe  
  69  6:22  Forge  
  70  6:25  Probe  
  70  6:31  Photon Cannon  
  71  6:33  Probe  
  71  6:34  Photon Cannon  
  71  6:35  Photon Cannon  
  71  6:37  Photon Cannon  
  71  6:38  Photon Cannon  
  72  6:52  Stalker x3  
  72  6:53  Stalker  
  80  7:03  Twilight Council  
  80  7:06  Gateway  
  80  7:07  Gateway  
  80  7:09  Gateway  
  79  7:40  Nexus  
  79  7:41  Pylon  
  79  7:43  Pylon  
  79  7:48  Photon Cannon  
  79  7:49  Blink (Chrono Boost)  
  79  7:52  Probe x2  
  79  7:55  Protoss Ground Weapons Level 2 (Chrono Boost)  
  79  7:56  Protoss Ground Armor Level 2 (Chrono Boost)  
  81  8:04  Probe x2  
  83  8:05  Photon Cannon  
  83  8:19  Stalker  
  85  8:20  Stalker x5  
  95  8:41  Shield Battery  
  95  8:42  Shield Battery  
  95  8:45  Photon Cannon  
  97  8:49  Photon Cannon  
  97  8:51  Photon Cannon, Probe x2 (Chrono Boost)  
  97  8:52  Probe (Chrono Boost)  
  98  9:02  Probe (Chrono Boost)  
  101  9:03  Probe (Chrono Boost)  
  101  9:04  Probe (Chrono Boost)  
  101  9:12  Stalker  
  101  9:13  Stalker x4  
  111  9:17  Pylon  
  111  9:32  Assimilator  
  111  9:34  Probe x3  
  111  9:35  Assimilator  
  114  9:39  Stalker  
  114  9:40  Stalker x3  
  122  9:46  Probe x3  
  122  9:51  Photon Cannon  
  122  9:52  Photon Cannon  
  125  9:55  Shield Battery  
  125  10:03  Photon Cannon  
  125  10:06  Photon Cannon  
  125  10:10  Protoss Ground Weapons Level 3 (Chrono Boost), Probe x3  
  125  10:11  Protoss Ground Armor Level 3 (Chrono Boost)  
  127  10:46  Pylon  
  127  10:47  Nexus  
  127  10:48  Pylon  
  127  10:49  Pylon  
  127  10:51  Pylon x2  
  127  10:52  Shield Battery  
  127  10:53  Photon Cannon  
  127  10:57  Photon Cannon  
  127  11:00  Photon Cannon  
  127  11:09  Robotics Facility  
  127  11:12  Probe x3  
  130  11:30  Photon Cannon  
  130  11:31  Photon Cannon  
  130  11:32  Photon Cannon  
  130  11:35  Shield Battery x2  
  130  11:37  Stalker x5  
  130  11:38  Stalker  
  142  11:43  Probe x3  
  145  12:00  Probe x2  
  145  12:01  Probe x2  
  149  12:02  Assimilator  
  149  12:10  Photon Cannon  
  149  12:11  Photon Cannon  
  149  12:13  Photon Cannon  
  149  12:14  Shield Battery  
  149  12:16  Stalker x2  
  149  12:17  Pylon  
  149  12:22  Charge  
  153  12:31  Assimilator  
  153  12:47  Stalker x4  
  153  12:48  Stalker x3  
  167  12:57  Pylon  
  167  12:58  Pylon  
  157  13:00  Pylon  
  141  13:24  Gateway  
  141  13:27  Stalker x4  
  141  13:28  Gateway, Stalker x3  
  155  13:35  Pylon, Probe x4  
  155  13:38  Observer, Gateway x2  
  155  13:39  Protoss Shields Level 1 (Chrono Boost)  
  160  13:42  Gateway  
  84  14:13  Stalker x4  
  84  14:14  Stalker x3  
  96  14:45  Nexus  
  96  14:47  Gateway, Pylon  
  96  14:50  Pylon  
  96  14:51  Gateway  
  96  14:52  Gateway x2  
  96  14:55  Gateway, Stalker x2  
  96  14:56  Stalker x6  
  96  14:57  Stalker x4  
  111  15:26  Stalker  
  111  15:27  Stalker x5  
  111  15:28  Stalker x2  
  107  15:37  Stalker  
  107  15:38  Stalker x3  
  72  16:00  Stalker x3  
  72  16:01  Stalker x5  
  72  16:02  Stalker x4  
  62  16:22  Probe x3  
  59  16:31  Stalker x2  
  59  16:34  Probe x3  
  59  16:49  Stalker x2  
  63  16:58  Protoss Shields Level 2  
  59  17:44  Stalker x4  
  59  17:45  Stalker  
  69  17:53  Stalker  
  49  18:28  Stalker x2  
  49  18:29  Stalker x6  
  49  18:30  Stalker x4  
  65  18:47  Stalker x3  
  65  18:48  Stalker x2  
  51  19:48  Nexus  
  51  19:49  Pylon  
  51  20:27  Robotics Facility  
  51  20:28  Robotics Facility  
  51  20:31  Robotics Bay  
  51  21:02  Nexus  
  26  22:05  Zealot x3  
  26  22:06  Zealot x6  
  26  22:07  Zealot  
  46  22:09  Zealot x2  
  26  22:28  Zealot x4  
  26  22:29  Zealot x6  
  46  22:30  Zealot  
Show
View Real Time Build Order
Export as new Build Order

PiPuxD Protoss 

Build Orders: 1 Gate Expand, Carriers 

Get SALT Encoding   

  12  0:00  Probe  
  13  0:12  Probe  
  14  0:18  Pylon  
  14  0:28  Probe  
  15  0:40  Gateway  
  15  0:42  Assimilator, Probe (Chrono Boost)  
  16  0:53  Probe (Chrono Boost)  
  17  0:57  Probe (Chrono Boost)  
  18  1:09  Probe  
  19  1:22  Nexus  
  19  1:26  Probe  
  20  1:38  Probe  
  21  1:43  Cybernetics Core  
  21  1:47  Pylon  
  21  1:50  Probe  
  22  1:55  Assimilator  
  22  2:05  Probe  
  23  2:17  Probe  
  23  2:19  Warp Gate  
  24  2:33  Probe  
  24  2:36  Probe  
  26  2:37  Pylon  
  26  2:49  Probe  
  26  2:50  Probe  
  28  2:55  Stargate  
  28  2:58  Shield Battery  
  28  3:00  Shield Battery  
  28  3:03  Probe x2  
  30  3:08  Assimilator  
  30  3:15  Pylon, Probe x2  
  32  3:27  Probe  
  32  3:28  Probe  
  32  3:29  Shield Battery  
  34  3:40  Probe x2  
  34  3:41  Assimilator  
  36  3:46  Void Ray (Chrono Boost)  
  40  3:52  Probe x2  
  41  4:11  Probe x2  
  41  4:12  Stalker  
  41  4:15  Pylon  
  49  4:17  Void Ray (Chrono Boost)  
  49  4:36  Stalker  
  49  4:38  Probe x2  
  53  4:44  Pylon  
  53  4:56  Void Ray (Chrono Boost)  
  55  5:20  Stalker  
  57  5:29  Void Ray (Chrono Boost)  
  53  5:46  Probe x2  
  53  5:49  Fleet Beacon  
  55  5:51  Pylon  
  55  6:02  Void Ray (Chrono Boost)  
  55  6:04  Probe x2  
  61  6:05  Stalker  
  61  6:10  Pylon  
  63  6:12  Stargate  
  63  6:13  Stargate  
  63  6:16  Cybernetics Core, Probe  
  63  6:18  Pylon  
  64  6:19  Probe  
  64  6:25  Protoss Air Weapons Level 1 (Chrono Boost)  
  65  6:28  Probe  
  66  6:46  Stalker  
  52  6:57  Carrier x2 (Chrono Boost)  
  64  7:06  Nexus  
  64  7:09  Pylon  
  64  7:11  Pylon  
  64  7:17  Pylon  
  64  7:19  Probe  
  64  7:20  Probe  
  66  7:30  Shield Battery  
  66  7:31  Protoss Air Armor Level 1 (Chrono Boost)  
  66  7:32  Shield Battery  
  66  7:33  Shield Battery  
  66  7:36  Stalker  
  68  7:49  Probe x2  
  70  7:53  Carrier x2 (Chrono Boost)  
  70  7:54  Pylon  
  82  8:23  Assimilator  
  82  8:25  Assimilator  
  82  8:27  Probe x3  
  85  8:44  Probe x3  
  85  8:48  Protoss Air Weapons Level 2 (Chrono Boost)  
  88  8:49  Carrier x2 (Chrono Boost)  
  100  9:03  Probe x3  
  103  9:12  Stargate  
  103  9:22  Protoss Air Armor Level 2  
  103  9:47  Carrier x2 (Chrono Boost)  
  115  9:56  Carrier (Chrono Boost)  
  121  10:09  Pylon  
  121  10:37  Nexus  
  121  10:40  Pylon  
  121  10:42  Pylon  
  121  10:43  Pylon  
  121  10:47  Carrier x2 (Chrono Boost)  
  133  10:50  Pylon  
  133  10:52  Carrier (Chrono Boost)  
  139  11:14  Shield Battery  
  139  11:16  Shield Battery  
  139  11:18  Shield Battery  
  139  11:20  Protoss Air Weapons Level 3 (Chrono Boost)  
  139  11:45  Carrier x2  
  151  11:54  Carrier  
  157  12:12  Protoss Air Armor Level 3 (Chrono Boost)  
  157  12:17  Assimilator  
  157  12:19  Assimilator  
  157  12:20  Probe  
  157  12:21  Probe x3  
  137  13:01  Carrier x2 (Chrono Boost)  
  137  13:02  Carrier (Chrono Boost)  
  107  13:40  Probe x3  
  107  13:41  Probe  
  111  13:51  Pylon  
  111  13:53  Pylon  
  111  14:00  Forge, Carrier x2 (Chrono Boost)  
  111  14:01  Carrier (Chrono Boost)  
  129  14:19  Stargate  
  129  14:47  Carrier x2 (Chrono Boost)  
  129  14:48  Carrier (Chrono Boost)  
  141  15:41  Carrier x2 (Chrono Boost)  
  141  15:42  Carrier (Chrono Boost)  
  112  16:46  Protoss Shields Level 1 (Chrono Boost)  
  106  16:49  Carrier (Chrono Boost)  
  106  16:58  Carrier (Chrono Boost)  
  106  16:59  Carrier (Chrono Boost)  
  124  17:38  Carrier  
  130  17:48  Carrier  
  136  18:01  Pylon  
  136  18:05  Pylon  
  136  18:07  Pylon  
  136  18:08  Pylon  
  136  18:19  Carrier  
  142  18:47  Carrier  
  148  19:14  Carrier  
  154  19:24  Carrier  
  160  20:09  Nexus  
  160  20:10  Pylon  
  160  20:12  Pylon  
  160  20:15  Pylon  
  47  21:46  Pylon  
  37  22:09  Nexus  
Show
View Real Time Build Order
Export as new Build Order

MattBarry Zerg 

Build Orders: Pool First 

Get SALT Encoding   

  12  0:00  Drone  
  13  0:12  Drone  
  14  0:39  Spawning Pool  
  14  0:41  Drone, Overlord  
  13  1:51  Hatchery  
  12  2:00  Hatchery  
  12  2:01  Zergling x6  
  13  2:04  Queen  
  16  2:13  Drone  
  18  2:50  Hatchery  
  17  3:00  Drone  
  17  3:01  Drone x2  
  20  3:13  Queen  
  20  3:15  Drone  
  23  3:35  Drone  
  23  3:36  Zergling x6, Drone  
  23  3:40  Extractor  
  27  3:43  Extractor  
  26  3:56  Spine Crawler  
  26  3:59  Spine Crawler  
  26  4:00  Queen  
  26  4:14  Drone x2  
  26  4:15  Overlord x2  
  28  4:23  Overlord  
  28  4:45  Drone x2  
  30  4:46  Drone  
  30  4:47  Drone x3  
  34  5:07  Drone x2  
  34  5:08  Zergling x6  
  39  5:17  Spore Crawler  
  39  5:18  Spore Crawler  
  39  5:20  Metabolic Boost  
  37  5:21  Zergling x2  
  37  5:22  Drone x4  
  41  5:52  Queen  
  43  5:57  Hatchery  
  42  6:06  Spore Crawler  
  42  6:11  Spine Crawler  
  40  6:12  Drone x4  
  40  6:14  Lair  
  44  6:27  Evolution Chamber  
  44  6:30  Spore Crawler  
  42  6:46  Drone x4  
  46  6:50  Roach Warren  
  46  6:51  Baneling Nest  
  39  7:15  Zergling x2  
  40  7:16  Zergling x14  
  39  7:54  Centrifugal Hooks  
  39  7:58  Overlord x2  
  39  8:00  Overlord  
  35  8:06  Queen  
  35  8:55  Drone  
  35  8:57  Drone x6  
  35  8:58  Drone x5  
  35  9:01  Hatchery  
  46  9:12  Hatchery  
  45  9:18  Zergling x4  
  45  9:19  Zergling x6  
  45  9:20  Baneling  
  45  9:22  Baneling x2  
  45  9:23  Baneling  
  50  9:26  Baneling  
  50  9:41  Baneling x4  
  50  9:42  Baneling  
  50  9:50  Overlord  
  50  9:52  Zerg Ground Armor Level 1  
  50  9:55  Drone  
  51  10:02  Baneling  
  51  10:03  Baneling x4  
  51  10:07  Queen  
  53  10:23  Drone x3  
  53  10:24  Drone, Overlord x2  
  57  10:30  Queen x2  
  61  10:43  Spire  
  60  11:05  Evolution Chamber  
  60  11:06  Pneumatized Carapace  
  59  11:11  Zergling x2  
  59  11:12  Zergling x12  
  59  11:13  Zergling x2  
  59  11:15  Drone  
  59  11:16  Drone x7  
  59  11:17  Drone  
  76  11:29  Drone x4  
  79  11:41  Drone  
  79  11:42  Drone x2  
  79  11:43  Overlord x2  
  79  11:45  Overseer  
  82  11:47  Spore Crawler  
  82  11:48  Spore Crawler  
  80  11:56  Drone x2  
  82  12:02  Extractor  
  82  12:03  Extractor  
  56  12:47  Corruptor  
  56  12:48  Corruptor x6  
  69  12:54  Hatchery  
  68  13:27  Overlord  
  68  13:28  Drone x3  
  68  13:29  Corruptor x2  
  75  13:49  Zerg Flyer Weapons Level 1  
  75  14:01  Burrow  
  75  14:03  Hatchery  
  74  14:21  Zergling x2  
  74  14:22  Zergling x14  
  82  14:36  Extractor  
  82  14:38  Extractor  
  80  14:45  Drone x2  
  82  14:50  Corruptor x2  
  73  15:01  Baneling x6  
  73  15:02  Baneling x4  
  63  15:28  Corruptor x2  
  49  15:39  Corruptor  
  51  15:50  Zergling x4  
  51  15:51  Zergling x10  
  47  16:33  Baneling x2  
  47  16:34  Baneling x9  
  46  17:33  Hatchery  
  45  17:45  Drone  
  45  17:47  Hatchery  
  9  18:42  Drone x2  
  9  18:44  Drone  
  12  19:22  Drone x3  
  15  19:27  Drone x3  
  15  20:01  Drone x3  
  18  21:01  Drone x2  
  18  21:02  Drone  
  13  21:30  Drone x2  
  15  22:13  Drone  
  15  22:14  Drone x2  
  18  22:19  Hatchery  
  17  22:42  Overlord  
  17  22:43  Overlord  
  17  23:13  Spawning Pool  
Tags
 
Add a new tag
Caveats
  • Supply blocks, unpowered buildings, or Contaminate may cause inaccurate times.
  • Supply counts are checked every 10 seconds.